 Dungeon Crawl Stone Soup version 0.20.2-3-g29329e0561 (webtiles) character file.

259 Alfie the Shooter (level 5, -1/46 HPs)
             Began as a Minotaur Hunter on July 10, 2020.
             Slain by peterlawrence's ghost (13 damage)
             ... in an ossuary.
             The game lasted 00:08:09 (2322 turns).

Alfie the Shooter (Minotaur Hunter)                 Turns: 2322, Time: 00:08:09

Health: -1/46      AC:  4    Str: 23    XL:     5   Next: 94%
Magic:  4/4        EV: 12    Int:  8    God:
Gold:   163        SH:  0    Dex: 10    Spells: 4/4 levels left

rFire    . . .     SeeInvis .   b - +0 rapier
rCold    . . .     Gourm    .   (no shield)
rNeg     . . .     Faith    .   c - +1 leather armour
rPois    .         Spirit   .   (helmet restricted)
rElec    .         Reflect  .   (no cloak)
rCorr    .         Harm     .   (no gloves)
MR       .....                  (no boots)
Stlth    +.........             (no amulet)
Regen    0.2/turn               (no ring)
MPRegen  0.1/turn               (no ring)

@: mighty
A: retaliatory headbutt, horns 2
a: no special abilities


You were in an ossuary.
You were not hungry.

You visited 1 branch of the dungeon, and saw 4 of its levels.
You also visited: Ossuary.

You collected 163 gold pieces.

Inventory:

Hand Weapons
 a - a +1 shortbow
 b - a +0 rapier (weapon)
Armour
 c - a +1 leather armour (worn)
Jewellery
 p - an uncursed ring of protection from fire {unknown}
Scrolls
 j - 2 scrolls of amnesia
 l - a scroll of identify
 o - a scroll of recharging {unknown}
Potions
 n - a potion of agility {unknown}
Books
 m - a book of Cantrips

   Spells                             Type                      Level
   a - Confusing Touch                Hexes                        1
   b - Animate Skeleton               Necromancy                   1
   c - Summon Small Mammal            Summoning                    1
   d - Apportation                    Translocation                1
Comestibles
 f - a meat ration


   Skills:
 + Level 4.0 Fighting
 + Level 0.4 Short Blades
 + Level 6.8 Bows
 + Level 2.0 Armour
 + Level 2.4 Dodging
 + Level 0.8 Stealth


You had 4 spell levels left.
You didn't know any spells.

Dungeon Overview and Level Annotations

Branches:
Dungeon (4/15)
 Temple: D:4-7

Altars:
Makhleb
Okawaru
Qazlal
Xom

Annotations:
Ossuary peterlawrence's ghost, amateur MiFi


Innate Abilities, Weirdness & Mutations

You reflexively headbutt those who attack you in melee.
You have a pair of horns on your head.


Message History

Aim: peterlawrence's ghost (lightly damaged)
Okay, then.
Wield which item (- for none, * to show all)? (? for menu, Esc to quit)
b - a +0 rapier (weapon)
Peterlawrence's ghost hits you!
You closely miss peterlawrence's ghost.
Peterlawrence's ghost is lightly damaged.
Peterlawrence's ghost misses you. You furiously retaliate!
You headbutt peterlawrence's ghost. You hit peterlawrence's ghost.
Peterlawrence's ghost is lightly damaged.
Peterlawrence's ghost hits you!
You barely miss peterlawrence's ghost. You headbutt peterlawrence's ghost!
Peterlawrence's ghost is moderately damaged.
Peterlawrence's ghost hits you!
* * * LOW HITPOINT WARNING * * *
You hit peterlawrence's ghost.
Peterlawrence's ghost is moderately damaged.
Peterlawrence's ghost hits you!
You die...

###################
..#...#...#.^^#.!.#
∩.#...8...'.Z.#M..+
..#.......#...#..?#
'###8...8###'######
..#.......#.(s#...#
∩.'...8...#..(8...#
..#...#...#(.(.W@.#
############8..(8##
#.......#
.'...8...#
.#...#...#
#########


You could see a scorpion and peterlawrence's ghost.

Vanquished Creatures
  2 centaur zombies (Ossuary)
  Jessica (D:3)
  A worker ant (D:4)
  A big kobold zombie (Ossuary)
  A mummy (D:4)
  A scorpion zombie (Ossuary)
  4 adders
  2 oozes (D:1)
  A worm (D:3)
  A dart slug (D:1)
  3 leopard geckos
  3 orcs
  2 ball pythons (D:1)
  9 goblins
  8 hobgoblins
  A quokka (D:3)
  6 bats
  2 frilled lizards (D:1)
  A goblin zombie (Ossuary)
  7 kobolds
  A kobold zombie (Ossuary)
  9 rats
67 creatures vanquished.

Notes
Turn   | Place    | Note
-------+----------+-------------------------------------------
     0 | D:1      | Alfie the Minotaur Hunter began the quest for the Orb.
     0 | D:1      | Reached XP level 1. HP: 18/18 MP: 0/0
    94 | D:1      | Reached XP level 2. HP: 25/25 MP: 1/1
   135 | D:1      | Reached skill level 5 in Bows
   265 | D:1      | Reached XP level 3. HP: 23/30 MP: 2/2
  1122 | D:2      | Found a shimmering altar of Xom.
  1323 | D:2      | Reached XP level 4. HP: 32/37 MP: 3/3
  1654 | D:3      | Reached skill level 1 in Armour
  1820 | D:3      | Reached skill level 6 in Bows
  2047 | D:3      | Found a shimmering altar of Xom.
  2049 | D:3      | Found a burning altar of Makhleb.
  2049 | D:3      | Found a shimmering altar of Xom.
  2049 | D:3      | Noticed Jessica
  2054 | D:3      | Killed Jessica
  2056 | D:3      | Found a white marble altar of Elyvilon.
  2056 | D:3      | Found a radiant altar of Vehumet.
  2056 | D:3      | Found an iron altar of Okawaru.
  2133 | D:4      | Reached XP level 5. HP: 42/45 MP: 4/4
  2186 | D:4      | Found a stormy altar of Qazlal.
  2245 | D:4      | Found a sand-covered staircase.
  2256 | Ossuary  | Entered an ossuary
  2298 | Ossuary  | Noticed peterlawrence's ghost (amateur MiFi)
  2322 | Ossuary  | Slain by peterlawrence's ghost

Skill      XL: |  1  2  3  4  5 |
---------------+----------------+-----
Bows           | 5 6 |  6.8
Armour         | 1 2 |  2.0
Fighting       | 3 4 |  4.0
Short Blades   | |  0.4
Dodging        | |  2.4
Stealth        | |  0.8

Action                   |  1- 3 |  4- 6 || total
-------------------------+-------+-------++-------
Melee: Short sword       |    21 |       ||    21
       Rapier            |       |     4 ||     4
       Headbutt          |       |     1 ||     1
 Fire: Shortbow          |    71 |    70 ||   141
  Use: Scroll            |     2 |     4 ||     6
       Potion            |       |     4 ||     4
  Eat: Bread ration      |     1 |       ||     1
Armor: Leather armour    |     9 |     8 ||    17
Dodge: Dodged            |    18 |    27 ||    45
